 Dungeon Crawl Stone Soup version 0.30-a0-169-g06f667207d (webtiles) character file.

Game seed: 9490865901150300356

86 qw the Chopper (level 4, -5/28 HPs)
             Began as a Gargoyle Fighter on Sept 29, 2022.
             Slain by a gnoll
             ... wielding a +0 halberd
             ... led by a gnoll bouda
              (6 damage)
             ... on level 3 of the Dungeon.
             The game lasted 00:00:45 (2137 turns).

qw the Chopper (Gargoyle Fighter)                   Turns: 2137, Time: 00:00:46

Health: -5/28      AC: 12    Str: 22    XL:     4   Next: 50%
Magic:  4/4        EV:  7    Int:  8    God:
Gold:   72         SH:  4    Dex:  9    Spells: 3/3 levels left

rFire   . . .      SeeInvis .    Y - +0 war axe
rCold   . . .      Faith    .    c - +0 buckler
rNeg    + . .      Spirit   .    h - +0 chain mail
rPois   inf        Reflect  .    (no helmet)
rElec   +          Harm     .    (no cloak)
rCorr   .          Rampage  .    (no gloves)
Will    .....                    (no boots)
Stlth   ..........               (no amulet)
HPRegen 0.09/turn                (no ring)
MPRegen 0.09/turn                (no ring)

@: no status effects
A: sickness immunity, AC +3, negative energy resistance 1, electricity
resistance, torment resistance 1, petrification resistance
a: no special abilities


You were on level 3 of the Dungeon.
You visited 1 branch of the dungeon, and saw 3 of its levels.

You collected 72 gold pieces.


Innate Abilities, Weirdness & Mutations

You are immune to sickness and miasma.
Your stone body is resilient. (AC +3)
You are immune to poison.
You resist negative energy. (rN+)
You are resistant to electric shocks. (rElec)
You are resistant to unholy torment.
You are immune to petrification.


   Skills:
 - Level 3.2 Fighting
 + Level 4.2 Axes
 - Level 3.2 Armour
 - Level 3.2 Shields


You had 3 spell levels left.
You didn't know any spells.
Your spell library was empty.

Inventory:

Hand Weapons
 g - a +0 whip
 Y - a +0 war axe (weapon)
Armour
 c - a +0 buckler (worn)
 h - a +0 chain mail (worn)
Jewellery
 l - a ring of ice
Scrolls
 k - a scroll of identify
Potions
 a - a potion of lignification
 b - a potion of heal wounds {unknown}
 d - 2 potions of might
 e - a potion of attraction {unknown}
 f - a potion of mutation {unknown}

Dungeon Overview and Level Annotations

Branches:
Dungeon (3/15)

Altars:

Annotations:
D:3 1 runed translucent door, Crazy Yiuf


Message History

The gnoll bouda hits you with a +0 club.
A gnoll comes into view. It is wielding a +0 halberd.
The gnoll shouts!
You hit the gnoll.
The gnoll is severely wounded.
You hit the gnoll bouda but do no damage.
You block the gnoll bouda's attack.
The gnoll hits you but does no damage. x2
The gnoll bouda closely misses you.
You barely miss the gnoll.
The gnoll is severely wounded.
You closely miss the gnoll. You hit the gnoll bouda.
Your attacks no longer feel as feeble.
The gnoll bouda hits you with a +0 club.
You block the gnoll's attack. The gnoll hits you but does no damage.
You hit the gnoll.
You kill the gnoll!
You barely miss the gnoll bouda. You hit the gnoll.
The gnoll bouda barks out a call to the hunt!
The gnolls pick up the pace!
The gnoll barely misses you.
The gnoll hits you from afar with a +0 halberd!
You hit the gnoll.
The gnoll is moderately wounded.
You hit the gnoll bouda.
The gnoll bouda hits you but does no damage.
The gnoll hits you with a +0 flail. The gnoll barely misses you.
The gnoll hits you with a +0 flail. You block the gnoll bouda's attack.
You barely miss the gnoll bouda.
The gnoll bouda is heavily wounded.
You slash the gnoll!
The gnoll hits you from afar with a +0 halberd.
The gnoll bouda hits you but does no damage.
The gnoll closely misses you.
You barely miss the gnoll.
The gnoll is almost dead.
You hit the gnoll bouda but do no damage.
The gnoll hits you from afar with a +0 halberd.
You block the gnoll bouda's attack. You block the gnoll's attack.
The gnoll hits you from afar with a +0 halberd.
You die...

#.# #..# #.#
# ###.# #..#
#.# # #...#
#..# #.# #
#.### #...
..# # #.# ..
.:# # #.# .#
# #.# ##.##
#.####g..#
#..%.@)#
######gg...#
##.#..# .#
.# .# .. g#
## .. ##


You could see a gnoll bouda and 2 gnolls.

Vanquished Creatures
  A gnoll (D:3)
  2 adders (D:2)
  A worm (D:3)
  2 dart slugs
  An orc (D:3)
  5 endoplasms
  2 giant cockroaches
  7 goblins
  7 hobgoblins
  2 jackals (D:3)
  3 quokkas (D:2)
  2 ball pythons
  2 bats (D:2)
  A frilled lizard (D:1)
  3 kobolds
  5 rats
46 creatures vanquished.

Notes
Turn   | Place    | Note
-------+----------+-------------------------------------------
     0 | D:1      | qw the Gargoyle Fighter began the quest for the Orb.
     0 | D:1      | Reached XP level 1. HP: 14/14 MP: 1/1
     0 | D:1      | 0 ||| qw: Version: 0.2-a-12-gaebbb33
     0 | D:1      | 0 ||| qw: Game counter: 1316
     0 | D:1      | 0 ||| qw: Always use a shield: true
     0 | D:1      | 0 ||| qw: God list: Okawaru
     0 | D:1      | 0 ||| qw: Allow faded altars: false
     0 | D:1      | 0 ||| qw: Do Orc after D:15 true
     0 | D:1      | 0 ||| qw: Do second Lair branch before Depths: true
     0 | D:1      | 0 ||| qw: Lair rune preference: random
     0 | D:1      | 0 ||| qw: Plans: Normal, Zot:1-4, God:TSO, Crypt, Tomb,
                  | Pan, Slime:5, Hells, Abyss, Orb
     0 | D:1      | 0 ||| PLANNING D:1-11
    64 | D:1      | Reached skill level 2 in Axes
   309 | D:1      | Reached XP level 2. HP: 19/19 MP: 2/2
   796 | D:1      | 796 ||| UPGRADING to +0 chain mail.
   806 | D:1      | 806 ||| DROPPING +0 scale mail.
   807 | D:1      | 807 ||| READING 2 scrolls labelled SOPLAGULISK.
   808 | D:1      | 808 ||| READING scroll labelled OMUTHO TIACA.
   857 | D:1      | 857 ||| READING scroll labelled REIRANT UWOSK.
   858 | D:1      | 858 ||| READING scroll labelled NABIOSUACU.
   859 | D:1      | 859 ||| READING 2 scrolls labelled AGIPNU XISSUDI.
   860 | D:1      | 860 ||| DROPPING scroll of magic mapping.
  1083 | D:2      | Reached skill level 3 in Axes
  1109 | D:2      | Reached XP level 3. HP: 23/23 MP: 3/3
  1176 | D:2      | 1176 ||| Stepping ~*~*~tactically~*~*~ (stealth).
  1242 | D:2      | 1242 ||| FLEEEEING.
  1243 | D:2      | 1243 ||| FLEEEEING.
  1246 | D:2      | 1246 ||| FLEEEEING.
  1250 | D:2      | 1250 ||| FLEEEEING.
  1251 | D:2      | 1251 ||| FLEEEEING.
  1252 | D:2      | 1252 ||| FLEEEEING.
  1253 | D:2      | 1253 ||| FLEEEEING.
  1255 | D:2      | 1255 ||| FLEEEEING.
  1256 | D:2      | 1256 ||| FLEEEEING.
  1365 | D:2      | 1365 ||| Stepping ~*~*~tactically~*~*~ (hiding).
  1366 | D:2      | 1366 ||| Stepping ~*~*~tactically~*~*~ (hiding).
  1538 | D:2      | Reached XP level 4. HP: 24/28 MP: 4/4
  1619 | D:2      | 1619 ||| DROPPING +0 club.
  1866 | D:2      | 1866 ||| READING 2 scrolls of identify.
  1866 | D:2      | 1866 ||| IDENTIFYING sapphire potion
  1961 | D:3      | Reached skill level 4 in Axes
  2004 | D:3      | Found a runed translucent door.
  2005 | D:3      | Noticed Crazy Yiuf
  2127 | D:3      | 2127 ||| Stepping ~*~*~tactically~*~*~ (hiding).
  2136 | D:3      | HP: 4/28 [gnoll/+0 halberd[a gnoll bouda] (5)]
  2137 | D:3      | HP: 1/28 [gnoll/+0 halberd[a gnoll bouda] (3)]
  2137 | D:3      | Slain by a gnoll

Levels and vault maps discovered:
D:1:      dpeg_arrival_lava_temple_mockup, layout_basic
D:2:      cheibrodos_greedy_goblins, layout_loops_cross
D:3:      layout_loops_ring, shapermc_ecumenical_altar_mp_vishouse,
          uniq_crazy_yiuf_cottage

Skill      XL: |  1  2  3  4 |
---------------+-------------+-----
Axes           | 2 3 4 |  4.2
Fighting       | |  3.2
Armour         | |  3.2
Shields        | |  3.2

Action                   |  1- 3 |  4- 6 || total
-------------------------+-------+-------++-------
Melee: War axe           |   102 |    31 ||   133
  Use: Scroll            |     5 |     1 ||     6
Armor: Scale mail        |    10 |       ||    10
       Chain mail        |    65 |    12 ||    77
Dodge: Dodged            |    55 |     9 ||    64
Block: Buckler           |    18 |     8 ||    26

Table legend:
 A = Non-vault XP
 B = Vault XP
 C = Vault XP percentage of total XP
 D = Non-vault monster count
 E = Vault monster count
 F = Vault count percentage of total count
                 A         B        C        D         E       F
            +---------+---------+-------+---------+---------+-------
      Total |     114 |      10 |   8.1 |      41 |       5 |  10.9
            +---------+---------+-------+---------+---------+-------
        D:1 |      23 |       0 |   0.0 |      13 |       0 |   0.0
        D:2 |      61 |      10 |  14.1 |      21 |       5 |  19.2
        D:3 |      30 |       0 |   0.0 |       7 |       0 |   0.0
            +---------+---------+-------+---------+---------+-------
